Match 43388758
Unlisted

Match 43388758
End
Vickers Machine Gun Team
Construct Section Command Post
Infantry Section
Infantry Section
Infantry Section
ML 3-inch Mortar Team
Construct Platoon Command Post
6-pounder Anti-tank Gun Team
CMP 15cwt Truck
Grenade Package
Unlock M3 Stuart Light Tanks
M3 Stuart Light Tank
Selects Air and Sea Battlegroup
Selects Supply Surplus
Selects UNKNOWN (223837)
Construct Resource Cache
Construct Company Command Post
Royal Engineer Section
Infantry Training
Forward Retreat Point
Selects Assault Flares
Assault Flares
Construct Resource Cache
Construct Resource Cache
Unlock M3 Grant Medium Tanks
M3 Grant Medium Tank
Selects Commando Section Paradrop
Selects Commando Support Section Paradrop
Armored Vehicle Training
Assault Flares
M3 Grant Medium Tank
M3 Grant Medium Tank
Assault Flares
Unlock Bishop Self-propelled Artillery
Construct Resource Cache
Assault Flares
Selects Incendiary Bombing Run
Incendiary Bombing Run
Commando Section Paradrop
Royal Engineer Section
Construct Resource Cache
Assault Flares
Construct Resource Cache
Royalarty
PiffaWiff
trdjoko
Rocket
天安门事件
天安门广场 小熊维尼 总统
強姦中國兒童
天安门事件是真实存在
0
0

Comments sign in to comment!

No comments posted yet!